 Dungeon Crawl Stone Soup version 0.30-a0-341-g682706514a (webtiles) character file.

Game seed: 1389064956144604161

233 bande the Shield-Bearer (level 6, 0/38 HPs)
             Began as a Gargoyle Fighter on Nov 5, 2022.
             Slain by a wight
             ... wielding a +2 scimitar of freezing
              (7 damage)
             ... on level 6 of the Dungeon.
             The game lasted 00:04:20 (2157 turns).

bande the Shield-Bearer (Gargoyle Fighter)          Turns: 2157, Time: 00:04:21

Health: 0/38       AC: 21    Str: 20    XL:     6   Next: 4%
Magic:  6/6        EV:  3    Int:  8    God:
Gold:   82         SH: 19    Dex: 17    Spells: 5/5 levels left

rFire   . . .      SeeInvis .    a - +0 war axe
rCold   . . .      Faith    .    r - +0 tower shield
rNeg    + . .      Spirit   .    g - +0 chain mail
rPois   ∞          Reflect  +    h - +0 helmet
rElec   +          Harm     .    m - +0 cloak
rCorr   .          Rampage  .    (no gloves)
Will    .....                    o - +0 pair of boots
Stlth   ..........               k - amulet of reflection
HPRegen 0.26/turn                b - +4 ring of protection
MPRegen 0.10/turn                n - +6 ring of dexterity

@: no status effects
A: sickness immunity, AC +4, negative energy resistance 1, electricity
resistance, torment resistance 1, petrification resistance
a: no special abilities


You were on level 6 of the Dungeon.
You visited 1 branch of the dungeon, and saw 4 of its levels.

You collected 82 gold pieces.

Inventory:

Hand Weapons
 a - a +0 war axe (weapon)
 s - a +0 flail
Armour
 g - a +0 chain mail (worn)
 h - a +0 helmet (worn)
 m - a +0 cloak (worn)
 o - a +0 pair of boots (worn)
 r - a +0 tower shield (worn)
Jewellery
 b - a +4 ring of protection (left hand)
 e - a ring of flight
 k - an amulet of reflection (around neck)
 n - a +6 ring of dexterity (right hand)
Scrolls
 j - a scroll of fear
 p - 4 scrolls of identify
Potions
 d - a potion of might
 f - a potion of mutation
 i - a potion of ambrosia {unknown}
 l - a potion of flight {unknown}
 q - a potion of curing {unknown}


   Skills:
 + Level 4.1 Fighting
 + Level 4.1 Axes
 + Level 4.0 Armour
 + Level 4.2 Shields


You had 5 spell levels left.
You didn't know any spells.
Your spell library was empty.

Dungeon Overview and Level Annotations

Branches:
Dungeon (3/15)

Altars:
Cheibriados
Gozag
Nemelex Xobeh
Ru
Zin
The Shining One


Innate Abilities, Weirdness & Mutations

You are immune to sickness and miasma.
Your stone body is resilient. (AC +4)
You are immune to poison.
You resist negative energy. (rN+)
You are resistant to electric shocks. (rElec)
You are resistant to unholy torment.
You are immune to petrification.


Message History

HP restored.
p - 4 scrolls of identify (gained 1)
A sourceless malevolence fills the Dungeon... and a teleportation trap spontaneously manifests!
You are yanked towards some nearby monsters!
Your surroundings suddenly seem different. 4 wights come into view.
A wight is wielding a +3 trident of freezing.
A wight is wielding a +2 scimitar of freezing.
You block the wight's attack. The wight hits you but does no damage.
The wight hits you with a +0 trident. You block the wight's attack.
You hit the wight.
The wight is heavily damaged.
You completely miss the wight. You hit the wight.
The wight hits you but does no damage. You block the wight's attack.
The wight hits you but does no damage. You block the wight's attack. x2
The wight hits you but does no damage. You block the wight's attack.
The wight hits you with a +0 long sword!
A steam dragon comes into view.
You block the wight's attack. x2; The wight hits you but does no damage.
The wight hits you with a +3 trident of freezing.
The wight freezes you.
Unknown command.
You barely miss the wight. x2; You hit the wight. x2
The wight hits you but does no damage. You block the wight's attack. x2
The wight hits you with a +3 trident of freezing.
The wight freezes you.
You slash the wight!
The wight is almost destroyed.
You hit the wight but do no damage. x2; You closely miss the wight.
You block the wight's attack. x3; The wight barely misses you.
The wight hits you with a +0 trident. The wight barely misses you.
The wight hits you with a +2 scimitar of freezing.
The wight freezes you.
The wight hits you with a +0 long sword.
* * * LOW HITPOINT WARNING * * *
You closely miss the wight.
The wight is almost destroyed.
You closely miss the wight. You hit the wight. x2
You block the wight's attack.
The wight hits you with a +2 scimitar of freezing!
You die...

# #. .. ... .
.#.#. ....
#..# # #..# #
#.z###.##
#.##.#z@#....#
......z.z....#
......##.##..#
##.##. ...# #
#. # ...... #
. .#...#.. .#
..#..##...#
..#.# ## ....
..# ....# .##.
.#


You could see 4 wights.

Vanquished Creatures
  Crazy Yiuf (D:2)
  An orc priest (D:6)
  Terence (D:2)
  An orc wizard (D:6)
  Robin (D:3)
  An adder (D:3)
  A worm (D:3)
  3 dart slugs
  8 orcs
  12 ball pythons
  6 endoplasms
  3 giant cockroaches
  12 goblins
  6 hobgoblins
  8 jackals
  A quokka (D:1)
  3 bats
  5 frilled lizards
  6 kobolds (D:1)
  7 rats
87 creatures vanquished.

Notes
Turn   | Place    | Note
-------+----------+-------------------------------------------
     0 | D:1      | bande the Gargoyle Fighter began the quest for the Orb.
     0 | D:1      | Reached XP level 1. HP: 14/14 MP: 1/1
   117 | D:1      | Reached XP level 2. HP: 19/19 MP: 2/2
   338 | D:1      | Reached XP level 3. HP: 15/23 MP: 3/3
   868 | D:2      | Found a runed translucent door.
   869 | D:2      | Noticed Crazy Yiuf
   914 | D:2      | Noticed Terence
   926 | D:2      | Killed Terence
   927 | D:2      | Reached XP level 4. HP: 21/29 MP: 4/4
  1237 | D:2      | Killed Crazy Yiuf
  1346 | D:3      | Reached XP level 5. HP: 23/33 MP: 5/5
  1573 | D:3      | Found a sacrificial altar of Ru.
  1590 | D:3      | Found a glowing golden altar of the Shining One.
  1591 | D:3      | Found a glowing silver altar of Zin.
  1592 | D:3      | Found a snail-covered altar of Cheibriados.
  1791 | D:3      | Noticed Robin
  1806 | D:3      | Killed Robin
  2055 | D:3      | You fall into a shaft and drop 3 floors!
  2055 | D:6      | Found a sparkling altar of Nemelex Xobeh.
  2055 | D:6      | Found an opulent altar of Gozag.
  2078 | D:6      | Reached XP level 6. HP: 21/38 MP: 6/6
  2154 | D:6      | Noticed a steam dragon
  2157 | D:6      | Slain by a wight

Illustrated notes

Levels and vault maps discovered:
D:1:      tarquinn_simple_flora_water_e, layout_basic, minmay_split_cup_large
D:2:      layout_rooms, corexii_leaking_fountain, uniq_crazy_yiuf_cottage,
          uniq_terence
D:3:      layout_loops_ring, mainiacjoe_overflow_alcove_3, uniq_robin
D:6:      layout_basic, grunt_temple_overflow_opulence, hangedman_decor_points,
          hangedman_decor_clover_reticule, uniq_duvessa

Skill      XL: |  1  2  3  4  5 |
---------------+----------------+-----
Axes           | 2 3 4 |  4.1
Shields        | 4 |  4.2
Armour         | 4 |  4.0
Fighting       | 4 |  4.1

Action                   |  1- 3 |  4- 6 || total
-------------------------+-------+-------++-------
Melee: War axe           |   123 |   123 ||   246
  Use: Scroll            |     5 |     2 ||     7
Armor: Scale mail        |    18 |       ||    18
       Chain mail        |    79 |    56 ||   135
Dodge: Dodged            |    59 |    33 ||    92
Block: Buckler           |    63 |    67 ||   130
       Reflection        |     1 |       ||     1
       Tower shield      |       |    14 ||    14

Table legend: (Time is in decaauts)
 A = Elapsed time spent in this place.
 B = Non-inter-level travel time spent in this place.
 C = Inter-level travel time spent in this place.
 D = Time resting spent in this place.
 E = Time spent auto-exploring this place.
 F = Levels seen in this place.
 G = Mean time per level.
                   A        B        C        D        E       F      G
               +--------+--------+--------+--------+--------+-----+--------+
         Total |   2253 |   2188 |     65 |    163 |   1389 |   4 |  563.2 |
       Dungeon |   2253 |   2188 |     65 |    163 |   1389 |   4 |  563.2 |
               +--------+--------+--------+--------+--------+-----+--------+

Top non-repeatable levels by time:
     D:3: 768 daAuts
     D:2: 755 daAuts
     D:1: 619 daAuts
     D:6: 110 daAuts
